ESL (28 & UNDER)
WILMINGTON REBELS @ BUFFALO LIGHTSABRES
07/19/2027
 
TOP OF THE 1ST
Wilmington Rebels batting - Pitching for Buffalo LightSabres : RHP Howard Jewel
Pitching: RHP Howard Jewel
Batting: SHB Charles Alexander 0-0: Ball
1-0: Fly out, F4 (Popup, 4S)
Batting: RHB Roy MacCluskie 0-0: Ball
1-0: Called Strike
1-1: Ball
2-1: Ball
3-1: Base on Balls
Batting: RHB Enrico Bonizo 0-0: Ball
1-0: Ball
2-0: Ball
3-0: Called Strike
3-1: Base on Balls
Roy MacCluskie to second
Batting: LHB Denny Poole 0-0: Ball
1-0: Foul Ball, location: 2F
1-1: Called Strike
1-2: Strikes out swinging
Batting: RHB Carlos Ordóñez 0-0: Called Strike
0-1: Fly out, F8 (Flyball, 8LD)
Top of the 1st over - 0 run(s), 0 hit(s), 0 error(s), 2 left on base; Wilmington 0 - Buffalo 0
BOTTOM OF THE 1ST
Buffalo LightSabres batting - Pitching for Wilmington Rebels : RHP Jim Wilson
Pitching: RHP Jim Wilson
Batting: LHB Rob Davidson 0-0: Swinging Strike
0-1: SINGLE (Flyball, 7S)
Batting: RHB Alfredo Villegas 0-0: Ball
Wild Pitch!
Rob Davidson to second
1-0: Ball
2-0: Ball
3-0: Foul Ball, location: 2F
3-1: Base on Balls
Batting: RHB Júlio López 0-0: SINGLE (Groundball, 4MD)
Rob Davidson to third
Alfredo Villegas to second
Batting: LHB Craig Kenney 0-0: Ball
1-0: Ball
Wild Pitch!
Rob Davidson scores
Alfredo Villegas to third
Júlio López to second
2-0: Ball
3-0: Called Strike
3-1: Base on Balls
Batting: SHB Javier Jiménez 0-0: Called Strike
0-1: Ball
1-1: Foul Ball, location: 2F
1-2: Fly out, F7 (Flyball, 7)
Runner from 3rd tags up, SCORES, no throw
Batting: RHB Ramão Almana 0-0: Swinging Strike
0-1: Ball
1-1: Called Strike
1-2: Foul Ball, location: 2F
1-2: Ball
2-2: Ball
3-2: Strikes out swinging
Batting: RHB Huub Stolk 0-0: Foul Ball, location: 2F
0-1: Ball
1-1: Ball
2-1: Ball
3-1: Fly out, F9 (Flyball, 9LS)
Bottom of the 1st over - 2 run(s), 2 hit(s), 0 error(s), 2 left on base; Wilmington 0 - Buffalo 2
TOP OF THE 2ND
Wilmington Rebels batting - Pitching for Buffalo LightSabres : RHP Howard Jewel
Batting: RHB Al Reese 0-0: Ball
1-0: Ball
2-0: DOUBLE (Flyball, 78M)
Batting: LHB Ramón Benítez 0-0: Ball
1-0: Called Strike
1-1: Ball
2-1: Ball
3-1: Called Strike
3-2: Base on Balls
Batting: LHB Chandler Hubbard 0-0: Swinging Strike
0-1: Ball
1-1: Called Strike
1-2: Strikes out looking
Batting: RHB Joey Boyd 0-0: Ball
1-0: Foul Ball, location: 2F
1-1: Called Strike
1-2: Ball
2-2: Foul Ball, location: 2F
2-2: Ball
3-2: Strikes out swinging
Batting: SHB Charles Alexander 0-0: Called Strike
0-1: Swinging Strike
0-2: Ball
1-2: Ground out 5-3 (Groundball, 56S)
Top of the 2nd over - 0 run(s), 1 hit(s), 0 error(s), 2 left on base; Wilmington 0 - Buffalo 2
BOTTOM OF THE 2ND
Buffalo LightSabres batting - Pitching for Wilmington Rebels : RHP Jim Wilson
Batting: RHB Armando Gusmán 0-0: Ball
1-0: Called Strike
1-1: Called Strike
1-2: Ball
2-2: Ball
3-2: Foul Ball, location: 2F
3-2: Ground out 4-3 (Groundball, 4)
Batting: RHB Mario Solís 0-0: Swinging Strike
0-1: Ground out 5-3 (Groundball, 5)
Batting: LHB Rob Davidson 0-0: Called Strike
0-1: Ball
1-1: Ball
2-1: Called Strike
2-2: Strikes out swinging
Bottom of the 2nd over - 0 run(s), 0 hit(s), 0 error(s), 0 left on base; Wilmington 0 - Buffalo 2
TOP OF THE 3RD
Wilmington Rebels batting - Pitching for Buffalo LightSabres : RHP Howard Jewel
Batting: RHB Roy MacCluskie 0-0: Ball
1-0: Foul Ball, location: 2F
1-1: Ball
2-1: Foul Ball, location: 2F
2-2: Foul Ball, location: 2F
2-2: Strikes out looking
Batting: RHB Enrico Bonizo 0-0: Foul Ball, location: 2F
0-1: Foul Ball, location: 2F
0-2: Strikes out swinging
Batting: LHB Denny Poole 0-0: Fly out, F8 (Flyball, 8LM)
Top of the 3rd over - 0 run(s), 0 hit(s), 0 error(s), 0 left on base; Wilmington 0 - Buffalo 2
BOTTOM OF THE 3RD
Buffalo LightSabres batting - Pitching for Wilmington Rebels : RHP Jim Wilson
Batting: RHB Alfredo Villegas 0-0: Ball
1-0: Foul Ball, location: 2F
1-1: SINGLE (Groundball, 6MD)
Batting: RHB Júlio López 0-0: Called Strike
0-1: Grounds into double play, 4-6-3 (Groundball, 4D)
Batting: LHB Craig Kenney 0-0: Ball
1-0: Ball
2-0: Foul Ball, location: 2F
2-1: Fly out, F5 (Line Drive, 5)
Bottom of the 3rd over - 0 run(s), 1 hit(s), 0 error(s), 0 left on base; Wilmington 0 - Buffalo 2
TOP OF THE 4TH
Wilmington Rebels batting - Pitching for Buffalo LightSabres : RHP Howard Jewel
Batting: RHB Carlos Ordóñez 0-0: Called Strike
0-1: Ball
1-1: Ball
2-1: Foul Ball, location: 2F
2-2: Strikes out swinging
Batting: RHB Al Reese 0-0: Ball
1-0: Ground out 6-3 (Groundball, 56)
Batting: LHB Ramón Benítez 0-0: Ball
1-0: Ball
2-0: Ball
3-0: Called Strike
3-1: Base on Balls
Batting: LHB Chandler Hubbard 0-0: Ball
1-0: Called Strike
Ramón Benítez steals 2nd base
1-1: Ball
2-1: Swinging Strike
2-2: Ground out U3 (Groundball, 34)
Top of the 4th over - 0 run(s), 0 hit(s), 0 error(s), 1 left on base; Wilmington 0 - Buffalo 2
BOTTOM OF THE 4TH
Buffalo LightSabres batting - Pitching for Wilmington Rebels : RHP Jim Wilson
Batting: SHB Javier Jiménez 0-0: Ball
1-0: Foul Ball, location: 2F
1-1: Called Strike
1-2: Ball
2-2: Foul Ball, location: 2F
2-2: Ball
3-2: Base on Balls
Batting: RHB Ramão Almana 0-0: Ball
1-0: Called Strike
Javier Jiménez steals 2nd base
1-1: Swinging Strike
1-2: Foul Ball, location: 2F
1-2: Reached via error on a dropped throw, E3
Javier Jiménez to third
Batting: RHB Huub Stolk 0-0: Reached on error, E4 (Groundball, 4M)
Javier Jiménez scores
Ramão Almana to second
Batting: RHB Armando Gusmán 0-0: Ball
1-0: Ball
2-0: Ball
3-0: Swinging Strike
3-1: Foul Ball, location: 2F
3-2: Strikes out swinging
Batting: RHB Mario Solís 0-0: Ball
1-0: Foul Ball, location: 2F
1-1: Ball
2-1: Swinging Strike
2-2: Strikes out swinging
Batting: LHB Rob Davidson 0-0: Ball
1-0: Ball
2-0: Swinging Strike
2-1: TRIPLE (Flyball, 7LD)
Ramão Almana scores
Huub Stolk scores
Batting: RHB Alfredo Villegas 0-0: Called Strike
0-1: Ball
1-1: 2-RUN HOME RUN (Flyball, 78XD), Distance : 415 ft
Batting: RHB Júlio López 0-0: Called Strike
0-1: Foul Ball, location: 2F
0-2: Ground out 3-1 (Groundball, 34S)
Bottom of the 4th over - 5 run(s), 2 hit(s), 2 error(s), 0 left on base; Wilmington 0 - Buffalo 7
TOP OF THE 5TH
Wilmington Rebels batting - Pitching for Buffalo LightSabres : RHP Howard Jewel
Batting: RHB Joey Boyd 0-0: SOLO HOME RUN (Flyball, 78XD), Distance : 403 ft
Batting: SHB Charles Alexander 0-0: Ground out 1-3 (Groundball, 13)
Batting: RHB Roy MacCluskie 0-0: Called Strike
0-1: Ball
1-1: Ball
2-1: SINGLE (Groundball, 34D)
Batting: RHB Enrico Bonizo 0-0: Reached on error, E7 (Line Drive, 78M)
Roy MacCluskie to third
Batting: LHB Denny Poole 0-0: Called Strike
0-1: Ball
1-1: DOUBLE (Groundball, 3L)
Roy MacCluskie scores
Enrico Bonizo scores
Batting: RHB Carlos Ordóñez 0-0: Ball
1-0: Ball
2-0: Swinging Strike
2-1: Called Strike
2-2: DOUBLE (Flyball, 8RXD)
Denny Poole scores
Pitching: RHP Esteban Muñóz
Batting: RHB Al Reese 0-0: Foul Ball, location: 2F
0-1: Fly out, F4 (Line Drive, 4)
Lined into DP, 4-6 (Line Drive, 4)
Top of the 5th over - 4 run(s), 4 hit(s), 1 error(s), 0 left on base; Wilmington 4 - Buffalo 7
BOTTOM OF THE 5TH
Buffalo LightSabres batting - Pitching for Wilmington Rebels : RHP Jim Wilson
Pitching: LHP Corey Moore
Batting: LHB Craig Kenney 0-0: Ball
1-0: Ball
2-0: Foul Ball, location: 2F
2-1: Called Strike
2-2: Fly out, F7 (Flyball, 7S)
Batting: SHB Javier Jiménez 0-0: Foul Ball, location: 2F
0-1: Ball
1-1: Foul Ball, location: 2F
1-2: Ball
2-2: Ball
3-2: Ground out 6-3 (Groundball, 6M)
Batting: RHB Ramão Almana 0-0: Ball
1-0: Called Strike
1-1: Foul Ball, location: 2F
1-2: Ball
2-2: Hit by Pitch
Batting: RHB Huub Stolk 0-0: Ground out 3-1 (Groundball, 34)
Bottom of the 5th over - 0 run(s), 0 hit(s), 0 error(s), 1 left on base; Wilmington 4 - Buffalo 7
TOP OF THE 6TH
Wilmington Rebels batting - Pitching for Buffalo LightSabres : RHP Esteban Muñóz
Batting: LHB Ramón Benítez 0-0: Ball
1-0: Called Strike
1-1: Ball
2-1: Foul Ball, location: 2F
2-2: Fly out, F8 (Flyball, 8LM)
Batting: LHB Chandler Hubbard 0-0: Ball
1-0: Ball
2-0: Foul Ball, location: 2F
2-1: Foul Ball, location: 2F
2-2: Strikes out swinging
Batting: RHB Joey Boyd 0-0: Ball
1-0: Swinging Strike
1-1: Swinging Strike
1-2: Foul Ball, location: 2F
1-2: Foul Ball, location: 2F
1-2: Reached on error, E6 (Groundball, 6)
Batting: SHB Charles Alexander 0-0: Ball
1-0: Called Strike
1-1: Ball
2-1: Foul Ball, location: 2F
2-2: Ball
3-2: Fly out, F7 (Flyball, 78M)
Top of the 6th over - 0 run(s), 0 hit(s), 1 error(s), 1 left on base; Wilmington 4 - Buffalo 7
BOTTOM OF THE 6TH
Buffalo LightSabres batting - Pitching for Wilmington Rebels : LHP Corey Moore
Batting: RHB Armando Gusmán 0-0: Ground out 6-3 (Groundball, 6)
Batting: RHB Mario Solís 0-0: Called Strike
0-1: Ball
1-1: Swinging Strike
1-2: Strikes out swinging
Batting: LHB Rob Davidson 0-0: Called Strike
0-1: Ball
1-1: Ball
2-1: Ball
3-1: Called Strike
3-2: Strikes out swinging, 2-3 out at first.
Bottom of the 6th over - 0 run(s), 0 hit(s), 0 error(s), 0 left on base; Wilmington 4 - Buffalo 7
TOP OF THE 7TH
Wilmington Rebels batting - Pitching for Buffalo LightSabres : RHP Esteban Muñóz
Batting: RHB Roy MacCluskie 0-0: Ball
1-0: Foul Ball, location: 2F
1-1: Ball
2-1: Swinging Strike
2-2: Strikes out looking
Batting: RHB Enrico Bonizo 0-0: Ball
1-0: Called Strike
1-1: Foul Ball, location: 2F
1-2: Ball
2-2: Foul Ball, location: 2F
2-2: Strikes out looking
Batting: LHB Denny Poole 0-0: Ball
1-0: Foul Ball, location: 2F
1-1: Ball
2-1: Reached via error on a dropped throw, E1
Batting: RHB Carlos Ordóñez 0-0: Swinging Strike
0-1: Called Strike
0-2: Fielders Choice at 2nd, 6-4 (Groundball, 6)
Top of the 7th over - 0 run(s), 0 hit(s), 1 error(s), 0 left on base; Wilmington 4 - Buffalo 7
BOTTOM OF THE 7TH
Buffalo LightSabres batting - Pitching for Wilmington Rebels : LHP Corey Moore
Batting: RHB Alfredo Villegas 0-0: Ball
1-0: Fly out, F9 (Flyball, 9LS)
Batting: RHB Júlio López 0-0: Swinging Strike
0-1: Swinging Strike
0-2: Strikes out looking
Batting: LHB Craig Kenney 0-0: Ball
1-0: Foul Ball, location: 2F
1-1: Foul Ball, location: 2F
1-2: Ball
2-2: Fly out, F7 (Flyball, 7)
Bottom of the 7th over - 0 run(s), 0 hit(s), 0 error(s), 0 left on base; Wilmington 4 - Buffalo 7
TOP OF THE 8TH
Wilmington Rebels batting - Pitching for Buffalo LightSabres : RHP Esteban Muñóz
Batting: RHB Al Reese 0-0: Fly out, F8 (Flyball, 8LM)
Batting: LHB Ramón Benítez 0-0: Ground out 6-3 (Groundball, 6)
Batting: LHB Chandler Hubbard 0-0: SINGLE (Groundball, 34D)
Pitching: RHP Travis Whitney
Batting: RHB Joey Boyd 0-0: Ball
1-0: 2-RUN HOME RUN (Flyball, 7LD), Distance : 358 ft
Batting: SHB Charles Alexander 0-0: Foul Ball, location: 2F
0-1: Foul Ball, location: 2F
0-2: Ball
1-2: Ground out 6-3 (Groundball, 6)
Top of the 8th over - 2 run(s), 2 hit(s), 0 error(s), 0 left on base; Wilmington 6 - Buffalo 7
BOTTOM OF THE 8TH
Buffalo LightSabres batting - Pitching for Wilmington Rebels : LHP Corey Moore
Pitching: RHP Edgar Martínez
Batting: SHB Javier Jiménez 0-0: Foul Ball, location: 2F
0-1: Foul Ball, location: 2F
0-2: Foul Ball, location: 2F
0-2: Ball
1-2: Ball
2-2: Strikes out looking
Batting: RHB Ramão Almana 0-0: Called Strike
0-1: Ball
1-1: Ball
2-1: Ball
3-1: Called Strike
3-2: Strikes out swinging
Batting: RHB Huub Stolk 0-0: Ball
1-0: Ball
2-0: Foul Ball, location: 2F
2-1: Fly out, F8 (Flyball, 8RXD)
Bottom of the 8th over - 0 run(s), 0 hit(s), 0 error(s), 0 left on base; Wilmington 6 - Buffalo 7
TOP OF THE 9TH
Wilmington Rebels batting - Pitching for Buffalo LightSabres : RHP Travis Whitney
Pitching: RHP Ángel Uribe
Now at 3B: Abraham Hardy
Now in CF: Merlin Morris
Pinch Hitting: LHB David Cháves 0-0: Foul Ball, location: 2F
0-1: Foul Ball, location: 2F
0-2: Strikes out swinging
Batting: RHB Enrico Bonizo 0-0: Foul Ball, location: 2F
0-1: Ball
1-1: SINGLE (Groundball, 4MD)
Batting: LHB Denny Poole 0-0: Called Strike
0-1: Swinging Strike
0-2: Strikes out looking
Pinch Hitting: RHB Jessie Thompson 0-0: Ball
1-0: Fly out, F6 (Line Drive, 6)
Top of the 9th over - 0 run(s), 1 hit(s), 0 error(s), 1 left on base; Wilmington 6 - Buffalo 7
Thursday, March 30th, 2017 - OOTP Baseball 17.12 Build 75